 Dungeon Crawl Stone Soup version 0.28.0-53-g5a82cb258f (webtiles) character file.

Game seed: 14092972540312607901

116 Descartes the Grasshopper (level 5, -7/38 HPs)
             Began as a Formicid Warper on June 6, 2022.
             Mangled by an iguana (11 damage)
             ... on level 3 of the Dungeon.
             The game lasted 00:03:45 (3527 turns).

Descartes the Grasshopper (Formicid Warper)         Turns: 3527, Time: 00:03:47

Health: -7/38      AC: 14    Str: 18    XL:     5   Next: 20%
Magic:  8/8        EV:  7    Int: 18    God:
Gold:   106        SH:  0    Dex: 10    Spells: 8/8 levels left

rFire   . . .      SeeInvis +   a - +0 hand axe
rCold   . . .      Faith    .   (no shield)
rNeg    . . .      Spirit   .   n - +0 chain mail
rPois   .          Reflect  .   (helmet unavailable)
rElec   .          Harm     .   g - +0 cloak
rCorr   .          Rampage  .   (no gloves)
Will    .....                   (no boots)
Stlth   ..........              (no amulet)
HPRegen 0.12/turn               e - +6 ring of intelligence
MPRegen 0.11/turn               i - +4 ring of protection

@: no status effects
A: permanent stasis, dig shafts and tunnels, antennae 3, four strong arms
a: Dig, Shaft Self


You were on level 3 of the Dungeon.
You visited 1 branch of the dungeon, and saw 3 of its levels.

You collected 106 gold pieces.

Inventory:

Hand Weapons
 a - a +0 hand axe (weapon)
 k - a +1 dagger of draining
Missiles
 c - 5 boomerangs of dispersal (quivered)
 h - 123 stones
Armour
 g - a +0 cloak (worn)
 n - a +0 chain mail (worn)
Jewellery
 e - a +6 ring of intelligence (left hand)
 i - a +4 ring of protection (right hand)
 p - a ring of fire
Scrolls
 b - a scroll of torment {unknown}
 m - 2 scrolls of identify {unknown}
 o - a scroll of teleportation {unknown}
Potions
 d - a potion of flight {unknown}
 f - a potion of might {unknown}
 j - a potion of lignification {unknown}
 l - a potion of curing {unknown}


   Skills:
 - Level 2.2 Fighting
 + Level 2.9 Axes
 - Level 1.0 Throwing
 + Level 2.5 Armour
 + Level 2.6 Dodging
 - Level 2.2 Spellcasting
 + Level 3.4 Translocations


You had 8 spell levels left.
You didn't know any spells.
Your spell library contained the following spells:

 Spells                   Type           Power      Damage    Failure   Level
 Gell's Gravitas          Tloc           14%        N/A       87%         3
 Lesser Beckoning         Tloc           14%        N/A       87%         3
 Teleport Other           Tloc           14%        N/A       87%         3
 Ignite Poison            Fire/Tmut/Pois 1%         N/A       100%        3
 Mephitic Cloud           Conj/Pois/Air  1%         N/A       100%        3
 Freezing Cloud           Conj/Ice/Air   0%         6-21      100%        5
 Manifold Assault         Tloc           14%        N/A       100%        5
 Blink                    Tloc           Unusable   N/A       N/A         2

Dungeon Overview and Level Annotations

Branches:
Dungeon (3/15)

Altars:

Shops:
D:1 !


Innate Abilities, Weirdness & Mutations

You cannot be hasted, slowed, berserked, paralysed or teleported.
You can dig through walls and to a lower floor.
You have a pair of large antennae on your head. (SInv)
Your four strong arms can wield two-handed weapons with a shield.


Message History

You are too injured to fight recklessly!
The iguana bites you.
You hit the iguana but do no damage.
The iguana is moderately wounded.
The iguana bites you!
* * * LOW HITPOINT WARNING * * *
You hit the iguana.
The iguana is moderately wounded.
The iguana barely misses you.
You closely miss the iguana.
The iguana is moderately wounded.
The iguana barely misses you. x2
You hit the iguana.
The iguana is severely wounded.
The iguana barely misses you.
You barely miss the iguana.
The iguana is severely wounded.
The iguana bites you but does no damage.
Unknown command.
You barely miss the iguana.
The iguana is severely wounded.
The iguana closely misses you.
You completely miss the iguana.
The iguana is severely wounded.
The iguana bites you but does no damage.
You hit the iguana but do no damage.
The iguana is severely wounded.
The iguana bites you but does no damage.
Unknown command.
You hit the iguana.
The iguana is almost dead.
The iguana bites you but does no damage. x2
You barely miss the iguana.
The iguana is almost dead.
The iguana bites you.
* * * LOW HITPOINT WARNING * * *
You hit the iguana but do no damage.
The iguana is almost dead.
The iguana bites you!
You die...

#.##....# #.##.#.## #.##.#.#
#......# ####.######
.<........########
###.#####.#... ..#
#.#...#.#.####.#######
#.#...........@....?.####
#.#.......#..#l##.......#
#.......#.####.##.#####.#
###..####... ..##.# #.###
#.......#######.# #...#
#####..#>##.##......# #.#.#
.......#.##.##......#####.#.#
...........)).............#.#
.....#......##.....#######..#


You could see an iguana.

Vanquished Creatures
  An orc priest (D:3)
  Terence (D:3)
  An adder (D:3)
  A worm (D:3)
  2 dart slugs (D:2)
  2 orcs (D:3)
  4 endoplasms
  2 giant cockroaches
  A goblin (D:2)
  4 hobgoblins
  3 jackals (D:2)
  3 quokkas
  6 ball pythons
  4 bats
  2 frilled lizards (D:1)
  7 kobolds
  3 rats
47 creatures vanquished.

Notes
Turn   | Place    | Note
-------+----------+-------------------------------------------
     0 | D:1      | Descartes the Formicid Warper began the quest for the Orb.
     0 | D:1      | Reached XP level 1. HP: 16/16 MP: 3/3
   138 | D:1      | Found Upimp's Distillery.
   437 | D:1      | Reached XP level 2. HP: 13/22 MP: 5/5
  1572 | D:1      | Reached XP level 3. HP: 26/27 MP: 6/6
  1632 | D:1      | Reached skill level 3 in Translocations
  2888 | D:3      | Reached XP level 4. HP: 28/33 MP: 7/7
  3366 | D:3      | Noticed Terence
  3379 | D:3      | Killed Terence
  3380 | D:3      | Reached XP level 5. HP: 27/38 MP: 8/8
  3527 | D:3      | Mangled by an iguana

Illustrated notes

Levels and vault maps discovered:
D:1:      heliophobic_arrival_glass_houses, layout_basic, serial_shops, shop
D:2:      layout_loops_ring, kennysheep_small_spiral, serial_bayou_pond_c
D:3:      layout_loops_cross, corexii_item_surrounded_by_moat, uniq_terence

Skill      XL: |  1  2  3 |
---------------+----------+-----
Dodging        | 2 |  2.6
Translocations | 3 |  3.4
Armour         | 2 |  2.5
Fighting       | |  2.2
Axes           | |  2.9
Throwing       | |  1.0
Spellcasting   | |  2.2

Action                   |  1- 3 |  4- 6 || total
-------------------------+-------+-------++-------
Melee: Hand axe          |   141 |    68 ||   209
       Punch             |     4 |       ||     4
Armor: Leather armour    |    33 |       ||    33
       Ring mail         |     7 |       ||     7
       Chain mail        |     5 |    48 ||    53
Dodge: Dodged            |    93 |    21 ||   114
